 Dungeon Crawl Stone Soup version 0.28-a0-265-g048bc9fd10 (webtiles) character file.

Game seed: 13831460480703784656

128 sanka the Agent of Entropy (level 4, 0/37 HPs)
             Began as a Palentonga Abyssal Knight on Aug 27, 2021.
             Was a Priest of Lugonu.
             Slain by Menkaure (20 damage)
             ... on level 4 of the Dungeon.
             The game lasted 00:06:33 (4489 turns).

sanka the Agent of Entropy (PaAK)                   Turns: 4489, Time: 00:06:34

Health: 0/37       AC:  7    Str: 16    XL:     4   Next: 86%
Magic:  8/8        EV:  9    Int: 12    God:    Lugonu [***...]
Gold:   139        SH:  0    Dex: 16    Spells: 3/3 levels left

rFire   . . .      SeeInvis +   a - +1 hand axe
rCold   . . .      Faith    .   (no shield)
rNeg    . . .      Spirit   .   b - +0 leather armour
rPois   .          Reflect  .   k - +1 helmet
rElec   .          Harm     .   r - +0 cloak
rCorr   .          Rampage  .   (no gloves)
Will    .....      Clarity  +   (no barding)
Stlth   +.........              (no amulet)
HPRegen 0.12/turn               t - ring of flight
MPRegen 0.11/turn               q - +6 ring of dexterity

@: flying
A: large, rugged brown scales 3, see invisible, deformed body, roll 1, armoured
tail, clarity, MP-powered wands
a: Rolling Charge, Renounce Religion, Depart the Abyss, Bend Space, Banish


You were on level 4 of the Dungeon.
You worshipped Lugonu.
Lugonu was most pleased with you.
You visited 1 branch of the dungeon, and saw 4 of its levels.
You visited the Abyss 1 time.

You collected 139 gold pieces.


Innate Abilities, Weirdness & Mutations

You are completely covered in rugged brown scales. (AC +3, +7% HP)
You have supernaturally acute eyesight. (SInv)
Armour fits poorly on your strangely shaped body.
You can roll at nearby foes to attack.
You have a long armoured tail.
You possess an exceptional clarity of mind.
You expend magic power (3 MP) to strengthen your wands.


   Skills:
 - Level 3.0 Fighting
 - Level 2.0 Axes
 - Level 1.5 Armour
 - Level 0.7 Dodging
 + Level 5.5 Invocations


You had 3 spell levels left.
You didn't know any spells.
Your spell library contained the following spells:

 Spells                   Type           Power      Damage    Failure   Level
 Sublimation of Blood     Necr           0%         N/A       52%         2
 Wereblood                Tmut           0%         N/A       52%         2
 Petrify                  Tmut/Erth      0%         N/A       99%         4
 Metabolic Englaciation   Hex/Ice        0%         N/A       100%        5
 Statue Form              Tmut/Erth      0%         N/A       100%        6
 Summon Hydra             Summ           0%         N/A       100%        7

Inventory:

Hand Weapons
 a - a +1 hand axe (weapon)
Armour
 b - a +0 leather armour (worn)
 k - a +1 helmet (worn)
 r - a +0 cloak (worn)
Jewellery
 q - a +6 ring of dexterity (right hand)
 t - a ring of flight (left hand)
Wands
 g - a wand of paralysis (9)
Scrolls
 c - a scroll of silence {unknown}
 e - 2 scrolls of fear {unknown}
 f - 2 scrolls of identify {unknown}
 i - a scroll of magic mapping {unknown}
 j - a scroll of enchant armour {unknown}
 n - a scroll of noise {unknown}
 o - a scroll of teleportation {unknown}
Potions
 d - 3 potions of mutation {!q}
 h - a potion of heal wounds {@q2}
 l - a potion of haste {unknown}
 m - a potion of invisibility {unknown}
 p - a potion of degeneration {unknown}
 s - a potion of curing {unknown}

Dungeon Overview and Level Annotations

Branches:
Dungeon (4/15)
 Temple: D:4-7

Altars:
Dithmenos
Gozag
Kikubaaqudgha
Nemelex Xobeh
Beogh

Annotations:
D:3 3 runed translucent doors, sn0wgr3's ghost, amateur MiFi
D:4 Menkaure

▒.▒ ▒.▒▒.. .. ▒.▒▒.▒
▒. ▒▒[▒▒.▒ ▒▒.▒▒
...▒▒.▒ ▒...▒ ▒▒▒▒▒.▒
▒...▒ ▒▒ ▒.▒ ▒...▒ ▒
.▒▒▒▒.▒▒▒▒▒▒▒..£▒▒.▒▒
..........>...▒.HM..▒
.▒▒▒.▒▒▒▒▒▒▒▒...▒▒..▒
▒▒ ▒.▒▒▒▒▒▒▒▒▒.▒▒ .▒
▒ ▒....(<^....▒ ▒ ▒
▒▒▒▒▒▒▒▒▒▒▒▒▒ ▒ ▒ ▒ ▒


You could see Menkaure.


Message History

There is an open door here.
There is a stone staircase leading down here.
You fly downwards.
There is a stone staircase leading up here.
There is a shaft here.
Found 9 gold pieces.
Menkaure, Prince of Dust comes into view.
Menkaure's bandages flutter.
Menkaure moves out of view.
Menkaure is nearby!
Menkaure is nearby!
You roll forward with a clatter of scales!
You barely miss Menkaure.
Menkaure calls on the powers of darkness!
Your body is wracked with pain!
You hit Menkaure.
Menkaure is lightly damaged.
You hit Menkaure.
Menkaure is moderately damaged.
Menkaure barely misses you.
Use which ability? (? or * to list)
Aim: Menkaure (moderately damaged, chance to affect: 83%)
You fail to use your ability.
Menkaure barely misses you.
Use which ability? (? or * to list)
Aim: Menkaure (moderately damaged, chance to affect: 83%)
You fail to use your ability.
Menkaure hits you!!
Ouch! That really hurt!
You die...

Action                   |  1- 3 |  4- 6 || total
-------------------------+-------+-------++-------
Melee: Hand axe          |   136 |    60 ||   196
       Tailslap          |     4 |     4 ||     8
 Abil: Rolling Charge    |     2 |     2 ||     4
  Use: Potion            |     2 |       ||     2
Armor: Leather armour    |    54 |    12 ||    66
Dodge: Dodged            |    81 |    32 ||   113

Levels and vault maps discovered:
D:1:      grunt_arrival_lava_bath, layout_basic, kennysheep_decorative_pillar,
          hex_tiny, chequers_arboretum
D:2:      layout_loops_ring, basic_altar, bh_walls_and_bars, uniq_robin
D:3:      layout_basic, lemuel_crystal_altar,
          mainiacjoe_overflow_six_doors_small,
          mainiacjoe_overflow_surrounded_room, biasface_ghost_orc_armoury
D:4:      minmay_octagon_keep, layout_loops_ring, mainiacjoe_overflow_24_doors,
          mainiacjoe_overflow_cross_hatched, minmay_temple_entry_butterflies,
          uniq_menkaure

Notes
Turn   | Place    | Note
-------+----------+-------------------------------------------
     0 | Abyss:1  | sanka the Palentonga Abyssal Knight began the quest for the
                  | Orb.
     0 | Abyss:1  | Reached XP level 1. HP: 19/19 MP: 2/2
    10 | D:1      | Escaped the Abyss
   462 | D:1      | Reached XP level 2. HP: 25/25 MP: 4/4
   463 | D:1      | Reached skill level 3 in Invocations
   524 | D:1      | Reached ** piety under Lugonu
   861 | D:1      | Reached XP level 3. HP: 19/31 MP: 5/5
  1496 | D:2      | Reached skill level 4 in Invocations
  1556 | D:2      | Gained mutation: You possess an exceptional clarity of
                  | mind. [potion of mutation]
  1556 | D:2      | Gained mutation: You expend magic power (3 MP) to
                  | strengthen your wands. [potion of mutation]
  1967 | D:2      | Noticed Robin
  2111 | D:2      | Found an opulent altar of Gozag.
  2282 | D:2      | Found an opulent altar of Gozag.
  2543 | D:2      | Killed Robin
  2544 | D:2      | Reached XP level 4. HP: 15/37 MP: 7/7
  3162 | D:3      | Reached skill level 5 in Invocations
  3234 | D:3      | Found a sparkling altar of Nemelex Xobeh.
  3424 | D:3      | Found a shadowy altar of Dithmenos.
  3490 | D:3      | Reached *** piety under Lugonu
  3495 | D:3      | Found an ancient bone altar of Kikubaaqudgha.
  3831 | D:3      | Found a runed translucent gate.
  3831 | D:3      | Found a runed translucent gate.
  3834 | D:3      | Found a runed translucent gate.
  3835 | D:3      | Identified the +8 hunting sling "Pushyock" {freeze, rPois
                  | rF+ Dex+2}
  3835 | D:3      | Identified the +4 chain mail "Pygezul" {rElec rCorr Str+2}
  3837 | D:3      | Noticed sn0wgr3's ghost (amateur MiFi)
  4483 | D:4      | Noticed Menkaure
  4489 | D:4      | Slain by Menkaure

Vanquished Creatures
  An orc priest (D:3)
  Robin (D:2)
  An adder (D:2)
  A worm (D:3)
  4 orcs (D:3)
  5 ball pythons
  6 endoplasms
  A giant cockroach (D:1)
  12 goblins
  3 hobgoblins
  3 jackals (D:1)
  9 kobolds
  3 quokkas
  8 bats
  A frilled lizard (D:3)
  9 rats
68 creatures vanquished.
